 Seeded DCSS version 0.29-a0-613-gf2c431b9b9 (webtiles) character file.

Game seed: 16540029993331354961 (custom seed)

2089 happo123 the Ruffian (level 9, -1/76 (83) HPs)
             Began as a Troll Transmuter on June 16, 2022.
             Was a Believer of Okawaru.
             Slain by a wight
             ... wielding a +0 halberd
              (11 damage)
             ... on level 6 of the Dungeon on June 17, 2022.
             The game lasted 00:17:35 (2834 turns).

happo123 the Ruffian (Troll Transmuter)             Turns: 2834, Time: 00:17:36

HP:   -1/76 (83)    AC:  4    Str: 20    XL:     9   Next: 6%
MP:   11/12         EV: 12    Int: 13    God:    Okawaru [**....]
Gold: 327           SH:  0    Dex: 10    Spells: 10/13 levels left

rFire   . . .      SeeInvis .     - Unarmed
rCold   . . .      Faith    .   (no shield)
rNeg    . . .      Spirit   .   a - +0 robe
rPois   .          Reflect  .   (helmet currently unavailable)
rElec   .          Harm     .   (no cloak)
rCorr   .          Rampage  .   (gloves unavailable)
Will    .....                   (boots unavailable)
Stlth   +++.......              m - amulet of magic regeneration
HPRegen 1.02/turn               (no ring)
MPRegen 0.53/turn               (no ring)

@: appendages, heroic, wereblooded (expiring), drained
A: horns 2, talons 2, large, unfitting armour, claws 3, regeneration 1, shaggy
fur 1, tough skin 1
a: End Transformation, Renounce Religion, Heroism


You were on level 6 of the Dungeon.
You worshipped Okawaru.
Okawaru was pleased with you.
You had temporarily grown beastly horns and talons.
You visited 1 branch of the dungeon, and saw 6 of its levels.

You collected 327 gold pieces.

Inventory:

Hand Weapons
 j - a +3 hunting sling of freezing
 z - the +3 trident of the Smoking Ancients {speed, +Blink Will+ MP-9 Str+5}
   (You found it on level 4 of the Dungeon)

   Attacks with this weapon are significantly faster.
   Str:       It affects your strength (+5).
   MP:        It affects your magic capacity (-9).
   +Blink:    It lets you blink.
   Will:      It increases your willpower.
 C - the +7 mace "Jaqidus" {vorpal, Will+}
   (You found it on level 5 of the Dungeon)

   It inflicts extra damage upon your enemies.
   Will:      It increases your willpower.
Missiles
 l - 2 throwing nets
Armour
 a - a +0 robe (worn)
Jewellery
 m - an amulet of magic regeneration (around neck)
 u - a +6 ring of strength
Wands
 w - a wand of light (8)
 B - a wand of digging (3)
Scrolls
 c - a scroll of noise {unknown}
 e - a scroll of identify {unknown}
 i - 2 scrolls of amnesia {unknown}
 k - 2 scrolls of enchant weapon {unknown}
 n - 2 scrolls of blinking {unknown}
 o - a scroll of silence {unknown}
 r - a scroll of poison {unknown}
 s - 2 scrolls of acquirement {unknown}
 t - a scroll of enchant armour {unknown}
 v - a scroll of fog {unknown}
 y - a scroll of teleportation {unknown}
 A - a scroll of torment {unknown}
Potions
 b - a potion of lignification
 d - 2 potions of flight {unknown}
 f - a potion of ambrosia {unknown}
 g - 5 potions of curing {unknown}
 h - a potion of mutation {unknown}
 p - a potion of resistance {unknown}
 q - a potion of brilliance {unknown}
 x - a potion of degeneration {unknown}


   Skills:
 + Level 3.3(8.3) Fighting
 + Level 3.6(8.6) Dodging
 * Level 6.4(11.4) Unarmed Combat
 + Level 2.7 Spellcasting
 * Level 4.5 Transmutations
 + Level 2.7 Ice Magic
 + Level 2.7 Invocations


You had 10 spell levels left.
You knew the following spells:

 Your Spells              Type           Power      Damage    Failure   Level
a - Beastly Appendage     Tmut           26%        N/A       3%          1
b - Wereblood             Tmut           13%        N/A       5%          2

Your spell library contained the following spells:

 Spells                   Type           Power      Damage    Failure   Level
 Passwall                 Tmut/Erth      5%         N/A       14%         2
 Ensorcelled Hibernation  Hex/Ice        10%        N/A       21%         2
 Sandblast                Erth           2%         2d4       24%         1
 Spider Form              Tmut/Pois      7%         N/A       28%         3
 Ice Form                 Ice/Tmut       11%        N/A       47%         4
 Portal Projectile        Hex/Tloc       2%         N/A       56%         3
 Stone Arrow              Conj/Erth      2%         3d7       56%         3
 Anguish                  Hex/Necr       0%         N/A       93%         4
 Corpse Rot               Necr/Pois/Air  1%         N/A       93%         4
 Dispel Undead            Necr           1%         3d6       93%         4
 Leda's Liquefaction      Hex/Erth       0%         N/A       93%         4
 Call Canine Familiar     Summ           Unusable   N/A       N/A         3
 Death Channel            Necr           Unusable   N/A       N/A         6

Dungeon Overview and Level Annotations

Branches:
Dungeon (6/15)
 Temple: D:4-7

Altars:
Elyvilon
Gozag
Makhleb
Okawaru
Uskayaw
Vehumet
Zin


Innate Abilities, Weirdness & Mutations

You have temporarily grown beastly horns and talons.
You are too large for most types of armour.
You have claws for hands.
Your natural rate of healing is unusually fast.
You are covered in fur. (AC +1)
You have tough skin. (AC +1)


Message History

The gnoll hits you from afar with a +0 spear.
Items here: ( ) ††.
You claw the kobold!
You feel a bit better.
You kill the kobold!
Okawaru accepts your kill.
You howl as the wereblood boils in your veins!
The wight hits you from afar with a +0 halberd.
You feel drained.
Things that are here:
a +0 dagger; 5 stones; a kobold corpse The gnoll closely misses you.
The wight hits you from afar with a +0 halberd!
You feel drained.
Items here: ( ) ††.
You mangle the gnoll!!
You feel a bit better.
You kill the gnoll!
Okawaru accepts your kill.
Your horns disappear.
Your talons disappear.
The wight barely misses you.
You howl as the wereblood boils in your veins!
Items here: ( )) †.
Your primal bloodlust is almost over.
The wight hits you with a +0 halberd!
* * * LOW HITPOINT WARNING * * *
There is a stone staircase leading up, spattered with blood here.
Casting: Beastly Appendage (safe; 3% risk of failure)
Press: ? - help, Q - select action, (/) - cycle Dir - look around, f - activate Look: a wight, wielding a +0 halberd and wearing a +0 robe You grow a pair of large bovine horns.
Your feet morph into talons.
The wight barely misses you.
You closely miss the wight. The wight hits you with a +0 halberd.
* * * LOW HITPOINT WARNING * * *
You feel drained.
* * * LOW HITPOINT WARNING * * *
You gain the combat prowess of a mighty hero.
The wight closely misses you.
You closely miss the wight. You claw the wight.
The wight is moderately damaged.
The wight hits you with a +0 halberd!
You die...

#.# ...
#.#
#####.# #
#.....##.#
#......#.#
#........#
#....)z#
###....)@#
.......)##
..$.....#
........#
.........
........#
...######
###


You could see a wight.

Vanquished Creatures
  The ghost of moldycheese5 the Insei, an amateur DsAK of Lugonu (D:4)
  Grinder (D:4)
  Prince Ribbit (D:5)
  Sigmund (D:2)
  2 water moccasins (D:5)
  2 black bears (D:4)
  A phantom (D:5)
  A kobold brigand (D:6)
  A scorpion (D:4)
  A necrophage (D:5)
  A wight (D:6)
  3 howler monkeys
  2 jellies (D:5)
  Ijyb (D:3)
  Natasha (twice) (D:2)
  5 iguanas (D:5)
  7 gnolls
  8 adders
  A shadow imp (D:5)
  A white imp (D:3)
  2 ufetubi
  2 worms
  7 dart slugs
  5 orcs
  3 ball pythons
  4 bats
  8 endoplasms
  6 hobgoblins
  9 jackals
  5 quokkas
  2 frilled lizards (D:2)
  12 goblins
  11 kobolds
  2 rats
121 creatures vanquished.

Notes
Turn   | Place    | Note
-------+----------+-------------------------------------------
     0 | D:1      | happo123 the Troll Transmuter began the quest for the Orb.
     0 | D:1      | Reached XP level 1. HP: 18/18 MP: 1/1
   203 | D:1      | Reached XP level 2. HP: 26/26 MP: 2/2
   233 | D:1      | Reached skill level 1 in Fighting
   413 | D:1      | Found a faded altar of an unknown god.
   521 | D:2      | Noticed Sigmund
   578 | D:2      | Killed Sigmund
   579 | D:2      | Reached skill level 4 in Unarmed Combat
   579 | D:2      | Reached skill level 1 in Ice Magic
   579 | D:2      | Reached XP level 3. HP: 33/33 MP: 4/4
   579 | D:2      | Reached XP level 4. HP: 41/41 MP: 5/5
   579 | D:2      | Reached XP level 5. HP: 48/48 MP: 6/6
   639 | D:2      | Learned a level 2 spell: Wereblood
   901 | D:2      | Noticed Natasha
   916 | D:2      | Killed Natasha
   921 | D:2      | Noticed Natasha
   932 | D:2      | Killed Natasha
   933 | D:2      | Reached XP level 6. HP: 35/57 MP: 7/7
  1178 | D:3      | Found an iron altar of Okawaru.
  1186 | D:3      | Became a worshipper of Warmaster Okawaru
  1197 | D:3      | Found a hide-covered altar of Uskayaw.
  1198 | D:3      | Noticed Ijyb
  1208 | D:3      | Killed Ijyb
  1471 | D:3      | Found a white marble altar of Elyvilon.
  1684 | D:4      | Reached XP level 7. HP: 55/65 MP: 7/9
  1749 | D:4      | Identified the +3 trident of the Smoking Ancients {speed,
                  | +Blink Will+ MP-9 Str+5}
  1771 | D:4      | Noticed Grinder
  1780 | D:4      | Killed Grinder
  1780 | D:4      | Reached * piety under Okawaru
  1781 | D:4      | Reached skill level 5 in Unarmed Combat
  1781 | D:4      | Reached skill level 1 in Invocations
  1836 | D:4      | Found a runed translucent door.
  1836 | D:4      | Noticed moldycheese5's ghost (amateur DsAK)
  1864 | D:4      | Killed moldycheese5's ghost
  1928 | D:4      | Reached XP level 8. HP: 74/74 MP: 10/10
  1975 | D:4      | Found a burning altar of Makhleb.
  2109 | D:5      | Entered Level 5 of the Dungeon
  2251 | D:5      | Found a large runed translucent door.
  2252 | D:5      | Found a large runed translucent door.
  2263 | D:5      | Found an opulent altar of Gozag.
  2269 | D:5      | Reached ** piety under Okawaru
  2276 | D:5      | Found a radiant altar of Vehumet.
  2326 | D:5      | Found a glowing silver altar of Zin.
  2391 | D:5      | Reached skill level 6 in Unarmed Combat
  2441 | D:5      | Identified the +7 mace "Jaqidus" {vorpal, Will+}
  2476 | D:5      | Noticed Prince Ribbit
  2486 | D:5      | Killed Prince Ribbit
  2757 | D:5      | Reached XP level 9. HP: 31/83 MP: 12/12
  2834 | D:6      | Slain by a wight

Illustrated notes

Levels and vault maps discovered:
D:1:      dpeg_arrival_arbitrary_a, layout_rooms,
          ebering_ecumenical_altar_abandoned
D:2:      layout_rooms, uniq_natasha, uniq_sigmund
D:3:      layout_rooms, nicolae_elyvilon_peaceful_grove, amcnicky_altar_gilded,
          okawaru_metal_pillars_1_2, serial_rivers,
          chequers_serial_rivers_micro_b, chequers_serial_rivers_room_b,
          chequers_serial_rivers_micro_c, chequers_serial_rivers_small_a,
          chequers_serial_rivers_room_b, chequers_serial_rivers_small_b,
          minmay_circle_x, uniq_ijyb
D:4:      layout_rooms, bloody_makhleb, gammafunk_ghost_grave, kennysheep_nub,
          uniq_grinder
D:5:      layout_basic, jmf_multi_god_temple2, zin_treasury, uniq_prince_ribbit1
D:6:      layout_basic, gammafunk_temple_overflow_elements

Skill      XL: |  1  2  3  4  5  6  7  8 |
---------------+-------------------------+-----
Fighting       | 1 2 3 |  3.3
Dodging        | 2 3 |  3.6
Unarmed Combat | 4 5 6 |  6.4
Transmutations | 2 3 4 |  4.5
Ice Magic      | 1 2 |  2.7
Spellcasting   | 2 |  2.7
Invocations    | 1 2 |  2.7

Action                   |  1- 3 |  4- 6 |  7- 9 || total
-------------------------+-------+-------+-------++-------
Melee: Unarmed           |    71 |   130 |   173 ||   374
       Kick              |     7 |    11 |    46 ||    64
       Headbutt          |     2 |     8 |    20 ||    30
       Punch             |       |     4 |     3 ||     7
 Cast: Beastly Appendage |     5 |    19 |    22 ||    46
       Wereblood         |       |     2 |     8 ||    10
Invok: Heroism           |       |       |     2 ||     2
Evoke: Wand              |       |       |     1 ||     1
Armor: Robe              |    31 |    50 |    49 ||   130
Dodge: Dodged            |    49 |    82 |   114 ||   245

Table legend: (Time is in decaauts)
 A = Elapsed time spent in this place.
 B = Non-inter-level travel time spent in this place.
 C = Inter-level travel time spent in this place.
 D = Time resting spent in this place.
 E = Time spent auto-exploring this place.
 F = Levels seen in this place.
 G = Mean time per level.
                   A        B        C        D        E       F      G
               +--------+--------+--------+--------+--------+-----+--------+
         Total |   2808 |   2283 |    525 |     73 |   1281 |   6 |  468.0 |
       Dungeon |   2808 |   2283 |    525 |     73 |   1281 |   6 |  468.0 |
               +--------+--------+--------+--------+--------+-----+--------+

Top non-repeatable levels by time:
     D:5: 666 daAuts
     D:3: 563 daAuts
     D:1: 550 daAuts
     D:4: 517 daAuts
     D:2: 479 daAuts
     D:6: 31 daAuts
